Map: Nightscape LE

Players

LFRSergey

  • Race: Protoss Protoss
  • League: Diamond
  • Spawn Location: 1:00

NickAce

  • Race: Terran Terran
  • League: Diamond
  • Spawn Location: 1:00

qqq - Winner!

  • Race: Zerg Zerg
  • League: Platinum
  • Spawn Location: 7:00

Massa - Winner!

  • Race: Terran Terran
  • League: Platinum
  • Spawn Location: 7:00

VOD

Have the link to the VOD?

Description

Time

  • Played on: Nov. 28, 2020, 9:51 a.m.
  • Length: 18:25
Show
View Real Time Build Order
Export as new Build Order

LFRSergey Protoss 

Build Orders: Cannon Rush 

Get SALT Encoding   

  12  0:00  Probe  
  13  0:12  Probe  
  14  0:17  Pylon  
  14  0:25  Probe  
  15  0:37  Probe (Chrono Boost)  
  15  0:39  Forge  
  16  0:49  Probe (Chrono Boost)  
  17  0:54  Probe (Chrono Boost)  
  18  1:03  Pylon  
  18  1:06  Probe  
  19  1:21  Pylon  
  19  1:26  Photon Cannon  
  19  1:28  Photon Cannon  
  19  1:31  Probe  
  19  1:40  Photon Cannon  
  19  1:42  Photon Cannon  
  19  1:58  Probe  
  19  2:10  Probe  
  19  2:12  Assimilator  
  20  2:16  Assimilator  
  20  2:23  Nexus  
  20  2:36  Gateway  
  20  2:38  Probe (Chrono Boost)  
  21  2:47  Probe (Chrono Boost)  
  22  2:52  Probe (Chrono Boost)  
  23  3:04  Probe (Chrono Boost)  
  23  3:05  Pylon  
  24  3:07  Assimilator  
  24  3:13  Assimilator  
  24  3:14  Pylon  
  24  3:16  Probe (Chrono Boost)  
  25  3:21  Probe (Chrono Boost)  
  26  3:27  Cybernetics Core  
  26  3:31  Probe (Chrono Boost)  
  26  3:32  Photon Cannon  
  27  3:38  Probe (Chrono Boost)  
  29  3:42  Probe (Chrono Boost)  
  29  3:46  Probe (Chrono Boost)  
  31  3:48  Probe (Chrono Boost)  
  31  3:51  Probe (Chrono Boost), Photon Cannon  
  32  3:57  Probe  
  33  4:03  Probe  
  33  4:09  Probe  
  35  4:10  Stargate  
  35  4:15  Probe  
  36  4:21  Probe  
  37  4:27  Probe  
  37  4:29  Stalker (Chrono Boost)  
  38  4:33  Probe  
  41  4:39  Probe  
  41  4:40  Warp Gate  
  42  4:45  Probe  
  42  4:49  Void Ray (Chrono Boost)  
  42  4:51  Probe, Pylon  
  44  4:55  Stargate  
  44  4:57  Probe  
  47  5:07  Stalker  
  47  5:20  Probe x2  
  47  5:32  Probe x2  
  49  5:37  Void Ray  
  49  5:39  Fleet Beacon  
  49  5:40  Void Ray  
  49  5:44  Probe x2  
  59  5:56  Probe  
  60  5:57  Pylon  
  60  6:13  Flux Vanes  
  60  6:14  Void Ray  
  60  6:17  Void Ray  
  68  6:36  Protoss Air Weapons Level 1 (Chrono Boost)  
  68  7:32  Probe  
  68  7:33  Probe  
  70  7:51  Pylon  
  70  7:53  Pylon  
  70  7:54  Pylon  
  70  7:57  Nexus  
  70  7:58  Pylon  
  70  8:03  Void Ray  
  70  8:05  Void Ray  
  70  8:09  Probe x2  
  80  8:16  Stargate  
  80  8:18  Nexus  
  78  8:22  Probe x2, Stargate  
  80  8:41  Void Ray  
  80  8:53  Phoenix  
  70  9:17  Probe  
  70  9:18  Probe x2, Phoenix  
  75  9:28  Carrier x2 (Chrono Boost)  
  75  9:29  Phoenix (Chrono Boost)  
  75  9:30  Probe x3  
  90  9:42  Probe x4  
  90  9:43  Phoenix (Chrono Boost)  
  90  9:44  Anion Pulse-Crystals  
  96  9:50  Phoenix (Chrono Boost)  
  98  9:54  Probe x4  
  98  9:59  Assimilator x2  
  102  10:02  Pylon  
  102  10:03  Pylon  
  102  10:04  Pylon  
  102  10:06  Probe x2, Assimilator  
  104  10:08  Probe x2, Pylon, Assimilator  
  106  10:15  Phoenix x2  
  106  10:18  Probe  
  111  10:30  Carrier  
  111  10:32  Probe  
  111  10:33  Probe x3  
  119  10:57  Phoenix  
  115  11:22  Probe  
  115  11:23  Probe x3  
  119  11:35  Photon Cannon  
  119  11:39  Photon Cannon  
  119  11:40  Pylon x2  
  119  11:44  Shield Battery  
  119  12:14  Carrier (Chrono Boost)  
  52  13:38  Photon Cannon  
  52  13:40  Pylon  
  49  13:43  Pylon  
  49  13:44  Photon Cannon  
  49  13:46  Pylon  
  47  14:09  Photon Cannon, Carrier (Chrono Boost)  
  47  14:11  Photon Cannon  
  47  14:14  Photon Cannon  
  47  14:18  Pylon  
  47  14:31  Pylon  
  47  14:35  Photon Cannon  
  47  14:37  Photon Cannon, Pylon  
Show
View Real Time Build Order
Export as new Build Order

NickAce Terran 

Build Orders: 2 Factory 

Get SALT Encoding   

  12  0:02  SCV  
  13  0:14  SCV  
  13  0:19  Supply Depot  
  14  0:26  SCV  
  14  0:28  Refinery  
  15  0:43  Barracks  
  15  0:44  SCV  
  16  0:56  SCV  
  17  1:04  Refinery  
  17  1:09  SCV  
  18  1:21  SCV  
  19  1:31  Factory  
  19  1:33  SCV  
  19  1:37  Supply Depot  
  20  1:41  Barracks Reactor  
  20  1:45  SCV  
  21  1:57  Orbital Command  
  21  2:26  Barracks Tech Lab, Hellion x2  
  25  2:32  Starport  
  25  2:48  Hellion  
  25  2:50  Hellion  
  29  3:07  Factory  
  29  3:08  Medivac  
  31  3:19  Armory  
  8  4:49  Thor  
  8  4:50  Hellion x2  
  15  4:54  Medivac  
  17  5:12  Hellion x2  
  21  5:26  SCV  
  22  5:33  Hellion x2  
  26  5:38  SCV  
  27  5:50  SCV  
  27  5:54  Hellion  
  30  6:02  SCV  
  31  6:24  Supply Depot  
  31  6:25  Supply Depot  
  31  6:46  SCV  
  32  6:58  SCV  
  33  7:10  SCV  
  34  7:22  SCV  
  35  7:23  Siege Tank, Terran Vehicle Weapons Level 1  
  38  7:34  SCV  
  39  7:46  SCV  
  40  7:59  SCV  
  41  8:11  SCV  
  32  8:23  SCV, Thor  
  39  8:31  Widow Mine x2, Command Center  
  43  8:34  Thor  
  43  8:37  SCV  
  44  8:49  SCV  
  44  8:52  Widow Mine  
  47  9:08  Barracks Tech Lab  
  47  9:10  Supply Depot  
  47  9:17  Terran Vehicle Weapons Level 2  
  47  9:31  SCV  
  48  9:43  SCV  
  48  9:45  Orbital Command  
  49  9:47  Command Center, Thor x2  
  61  9:55  SCV  
  61  9:56  Factory  
  62  10:08  SCV  
  63  10:20  SCV  
  64  10:29  Thor  
  64  10:30  Supply Depot  
  70  10:37  Orbital Command  
  69  10:51  Thor  
  75  11:12  Siege Tank  
  75  11:13  SCV  
  75  11:15  SCV  
  80  11:25  SCV  
  81  11:27  SCV  
  82  11:34  Terran Vehicle Weapons Level 3  
  82  11:35  Siege Tank  
  82  11:37  Widow Mine x2, SCV  
  82  11:39  SCV  
  91  11:49  SCV  
  91  11:50  Factory  
  91  11:51  SCV  
  93  12:07  Supply Depot  
  93  12:23  SCV x2  
  93  12:29  Widow Mine x2  
  97  12:32  Supply Depot  
  97  12:35  SCV  
  97  12:36  Siege Tank  
  101  12:38  Siege Tank  
  95  12:47  Factory Tech Lab  
  93  12:59  Widow Mine  
  93  13:00  Widow Mine  
  87  13:14  Siege Tank  
  87  13:15  Siege Tank  
  79  14:18  Siege Tank  
Show
View Real Time Build Order
Export as new Build Order

qqq Zerg - Winner!

Build Orders: Hatch First 

Get SALT Encoding   

  12  0:00  Drone  
  13  0:09  Drone  
  14  0:19  Overlord  
  14  0:46  Hatchery  
  14  0:50  Drone  
  14  0:52  Drone  
  15  1:02  Drone x2  
  17  1:31  Spawning Pool  
  15  1:55  Drone x3  
  18  2:05  Drone  
  19  2:10  Drone  
  19  2:12  Drone  
  21  2:19  Queen  
  21  2:21  Queen  
  25  2:29  Drone, Overlord  
  26  2:38  Drone x2  
  26  2:42  Extractor, Overlord  
  26  2:51  Spine Crawler  
  26  2:54  Drone  
  26  2:55  Drone x2  
  28  3:03  Drone  
  29  3:12  Extractor  
  28  3:13  Drone  
  28  3:14  Drone  
  30  3:21  Drone  
  30  3:24  Drone  
  30  3:26  Hatchery  
  31  3:39  Drone  
  31  3:40  Drone x3  
  35  3:43  Drone x2  
  37  3:54  Queen  
  39  4:04  Spine Crawler  
  29  4:23  Drone x4  
  29  4:24  Drone x4  
  32  4:25  Drone  
  33  4:50  Drone x2  
  35  4:54  Lair  
  35  4:56  Drone x2  
  35  4:57  Drone  
  35  4:58  Drone x2  
  40  5:01  Drone  
  41  5:16  Queen  
  41  5:17  Drone  
  41  5:19  Drone  
  41  5:20  Drone x2  
  47  5:23  Extractor  
  47  5:24  Drone x2  
  47  5:27  Extractor  
  47  5:37  Drone x2  
  47  5:38  Drone  
  50  5:43  Hatchery  
  50  5:46  Drone  
  50  5:50  Overlord x3  
  50  5:59  Spire  
  49  6:04  Spore Crawler  
  49  6:05  Drone  
  49  6:06  Drone  
  50  6:11  Overlord x2  
  50  6:13  Drone  
  50  6:14  Drone  
  52  6:21  Infestation Pit  
  51  6:25  Drone x2  
  51  6:26  Drone x3  
  51  6:30  Queen  
  51  6:32  Drone  
  59  6:41  Spore Crawler  
  59  6:43  Drone  
  59  6:44  Drone  
  60  6:47  Spore Crawler  
  60  6:48  Spine Crawler  
  60  6:49  Spore Crawler  
  60  6:52  Drone x2  
  59  7:04  Zergling x10  
  59  7:05  Zergling x8  
  68  7:11  Mutalisk x4  
  68  7:14  Mutalisk  
  78  7:18  Drone x2  
  80  7:23  Extractor  
  80  7:24  Hive  
  80  7:25  Mutalisk  
  80  7:28  Drone x2  
  83  7:32  Metabolic Boost  
  83  7:34  Drone x2  
  83  7:35  Drone  
  86  7:47  Queen  
  88  7:52  Overlord x2  
  88  7:53  Overlord x3  
  82  8:22  Mutalisk x2  
  82  8:23  Mutalisk x3  
  82  8:26  Spore Crawler  
  91  8:27  Drone x4, Spore Crawler  
  91  8:28  Mutalisk x3, Spore Crawler  
  97  8:44  Mutalisk x2  
  95  9:05  Mutalisk x2  
  95  9:14  Mutalisk  
  95  9:16  Drone x3  
  100  9:20  Extractor  
  99  9:24  Mutalisk  
  99  9:29  Hatchery  
  100  9:34  Hatchery  
  97  9:43  Corruptor x2  
  95  9:49  Greater Spire  
  95  9:53  Drone x3  
  98  10:10  Queen  
  98  10:11  Drone  
  101  10:18  Drone, Evolution Chamber  
  101  10:19  Ultralisk Cavern  
  101  10:20  Mutalisk, Evolution Chamber  
  101  10:31  Drone  
  88  10:54  Corruptor x4  
  76  11:06  Mutalisk x2  
  76  11:08  Drone x3  
  76  11:09  Drone x6  
  89  11:12  Queen  
  89  11:14  Queen  
  93  11:23  Zerg Flyer Weapons Level 1  
  93  11:24  Corruptor  
  95  11:28  Drone x3  
  98  11:41  Spore Crawler  
  97  11:48  Queen  
  97  11:50  Queen  
  97  11:52  Mutalisk x2  
  105  11:54  Ultralisk  
  105  11:55  Zergling x12  
  105  11:56  Zergling x14  
  105  11:57  Drone x4  
  105  11:58  Drone x2  
  105  11:59  Spore Crawler x2  
  105  12:00  Spore Crawler  
  127  12:01  Spore Crawler  
  126  12:09  Drone x2  
  126  12:10  Corruptor  
  126  12:11  Corruptor  
  126  12:12  Corruptor  
  130  12:26  Queen  
  130  12:29  Spine Crawler x2  
  129  12:30  Spine Crawler x2, Zergling x6, Overlord x4  
  120  12:37  Ultralisk  
  120  12:39  Drone x2  
  120  12:40  Zergling x4  
  126  12:46  Drone  
  126  12:47  Spine Crawler  
  126  12:49  Spine Crawler x4  
  126  12:50  Corruptor x2  
  125  12:55  Viper  
  123  13:07  Zergling x4  
  123  13:08  Zergling x8  
  123  13:09  Drone x2  
  119  13:20  Anabolic Synthesis  
  118  13:30  Corruptor  
  103  13:47  Hatchery, Hydralisk Den  
  99  13:48  Overlord  
  99  13:49  Overlord x4  
  60  14:20  Drone  
  60  14:21  Drone x2  
  60  14:23  Lair  
  63  14:26  Extractor  
  63  14:27  Extractor  
  57  14:31  Hydralisk  
  41  15:12  Lurker Den  
  31  15:49  Overlord x6  
  31  15:54  Lurker Den  
  31  16:09  Hydralisk x2  
  35  16:12  Drone x2  
  37  16:22  Hydralisk  
  37  16:23  Hydralisk  
  39  16:44  Lurker  
  41  16:47  Lurker  
  41  16:49  Lurker x2  
  41  16:52  Drone  
  41  16:53  Drone  
  45  17:38  Drone x3  
Show
View Real Time Build Order
Export as new Build Order

Massa Terran - Winner!

Build Orders: Reaper Expand 

Get SALT Encoding   

  12  0:00  SCV  
  13  0:12  SCV  
  14  0:23  Supply Depot  
  14  0:24  SCV  
  15  0:41  Refinery  
  15  0:45  SCV  
  15  0:46  Barracks  
  16  0:57  SCV  
  17  1:09  SCV  
  18  1:14  Barracks  
  18  1:17  Supply Depot  
  18  1:21  SCV  
  19  1:26  Barracks  
  19  2:03  Reaper  
  20  2:09  Orbital Command  
  20  2:26  Command Center  
  20  2:35  Reaper  
  21  2:38  SCV  
  22  2:50  SCV  
  23  2:51  Reaper, Factory  
  24  3:03  SCV  
  25  3:15  SCV  
  25  3:16  Barracks Tech Lab, Supply Depot  
  26  3:30  SCV  
  27  3:34  Command Center  
  27  3:39  Engineering Bay  
  27  3:42  SCV  
  29  3:49  Orbital Command  
  29  3:54  SCV  
  23  4:08  Marine x2  
  25  4:12  Factory Tech Lab  
  25  4:32  Marauder  
  25  4:33  Barracks Reactor  
  26  5:22  SCV x2  
  27  5:34  SCV x2  
  27  5:35  Refinery  
  28  5:41  Terran Infantry Weapons Level 1  
  28  5:44  Marauder, Marine x2  
  28  5:46  SCV x2  
  28  5:49  Refinery  
  34  5:54  Missile Turret  
  34  5:56  SCV  
  35  5:58  SCV x2  
  37  6:05  Widow Mine, Marauder  
  37  6:08  SCV  
  37  6:10  SCV  
  43  6:17  SCV  
  44  6:20  SCV  
  44  6:23  SCV  
  46  6:26  Marine x2, Siege Tank  
  46  6:27  Marauder  
  46  6:30  SCV  
  46  6:31  Missile Turret  
  55  6:35  SCV  
  53  6:42  SCV  
  54  6:47  SCV  
  42  7:30  SCV  
  42  7:31  SCV  
  44  7:38  Cyclone, Missile Turret  
  44  7:42  Orbital Command  
  44  7:43  SCV x2  
  49  7:46  Marauder, Marine x2  
  53  7:53  Barracks  
  53  7:55  SCV x2, Barracks  
  55  8:04  Marine  
  56  8:07  SCV x2, Marauder  
  56  8:09  Sensor Tower  
  56  8:11  Cyclone  
  63  8:16  Orbital Command  
  63  8:19  SCV x2  
  65  8:29  Marauder  
  65  8:30  Marine  
  65  8:31  Marine  
  65  8:32  Missile Turret  
  69  8:48  Barracks Reactor x2, Marine x2  
  67  8:52  Missile Turret  
  69  9:08  Stimpack  
  69  9:13  Missile Turret, Supply Depot  
  69  9:15  Supply Depot x2  
  69  9:16  Refinery, Supply Depot  
  69  9:17  Supply Depot  
  69  9:18  Supply Depot  
  69  9:19  Supply Depot  
  69  9:34  SCV x3, Marine x2  
  69  9:35  Cyclone  
  69  9:36  Marauder, Marine x4  
  83  9:41  Missile Turret  
  83  9:47  SCV x3  
  83  9:52  Marine x2  
  88  9:54  Marine x2  
  88  9:55  Marine x2  
  88  9:58  Marauder  
  88  9:59  SCV x3  
  97  10:00  Missile Turret  
  97  10:05  Sensor Tower  
  97  10:08  Sensor Tower  
  97  10:10  Marine x2  
  97  10:11  SCV x3, Marine  
  97  10:12  Marine  
  97  10:13  Marine x2  
  106  10:19  Marauder  
  106  10:20  Missile Turret  
  106  10:21  Starport  
  108  10:23  SCV  
  109  10:29  Refinery  
  109  10:47  Cyclone  
  109  10:49  Marauder, Marine x2  
  116  10:50  Marine x4  
  116  10:53  Terran Infantry Armor Level 1  
  120  10:57  Armory  
  120  10:59  Combat Shield  
  120  11:00  Engineering Bay  
  120  11:07  Marine x5  
  120  11:09  Refinery  
  125  11:20  Supply Depot  
  125  11:21  Supply Depot  
  125  11:24  Supply Depot  
  125  11:35  Starport Reactor  
  125  11:41  Starport, Cyclone, Marauder, Marine x3  
  125  11:44  Supply Depot  
  125  11:45  Supply Depot  
  133  11:49  Supply Depot  
  133  12:03  Marauder  
  135  12:09  Supply Depot  
  135  12:11  Supply Depot  
  134  12:18  Thor  
  134  12:19  Marine x4  
  134  12:20  Marine x2  
  146  12:24  Marine  
  145  12:37  Marine x4  
  145  12:41  Marine  
  145  12:43  Marine  
  152  12:46  Marine  
  152  12:54  Marine  
  152  12:55  Marine  
  151  12:59  Marine  
  152  13:12  Marine  
  131  13:26  Orbital Command  
  98  13:52  SCV  
  99  13:55  Command Center  
  99  14:00  Viking  
  99  14:01  Viking x2  
  105  14:04  SCV  
  106  14:17  SCV  
  104  14:29  SCV  
  91  14:41  SCV  
  86  14:53  SCV  
  80  15:05  SCV  
  51  15:17  SCV  
  38  15:24  Orbital Command  
  34  15:37  SCV  
  28  15:49  SCV  
  26  16:01  SCV  
  27  16:13  SCV  
  27  16:15  Barracks  
  27  16:16  Barracks  
  27  16:17  Barracks  
  27  16:18  SCV, Barracks  
  28  16:19  Barracks  
  28  16:20  Barracks  
  28  16:24  SCV  
  31  16:25  SCV  
  31  16:30  SCV  
  32  16:36  SCV  
  32  16:37  SCV  
  33  16:43  SCV  
  34  16:49  SCV x2  
  36  16:59  Supply Depot  
  36  17:01  SCV, Supply Depot  
  34  17:13  SCV  
  41  17:22  Supply Depot  
  41  17:24  Supply Depot  
  41  17:27  Orbital Command  
  41  17:33  Barracks x2  
  41  17:36  Barracks  
  23  18:03  SCV  
  24  18:17  Factory  
  24  18:19  Factory  
Tags
 
Add a new tag
Caveats
  • Supply blocks, unpowered buildings, or Contaminate may cause inaccurate times.
  • Supply counts are checked every 10 seconds.